 Dungeon Sprint DCSS version 0.31-a0-1591-g515db51633 (webtiles) character file.

Game seed: 8872958203288856818

403 Conn the Firebug (level 6, -2/36 HPs)
             Began as an Octopode Fire Elementalist on Jan 6, 2024.
             Was an Initiate of Sif Muna.
             Slain by a crocodile (13 damage)
             ... in the Dungeon (Sprint II: "The Violet Keep of Menkaure").
             The game lasted 00:01:21 (103 turns).

Conn the Firebug (Octopode Fire Elementalist)        Turns: 103, Time: 00:01:21

Health: -2/36      AC:  1    Str:  7    XL:     6   Next: 86%
Magic:  8/16       EV: 15    Int: 20    God:    Sif Muna [......]
Gold:   243        SH:  0    Dex: 12    Spells: 9/19 levels left

rFire   . . .        (no weapon)
rCold   . . .        (no shield)
rNeg    . . .        (helmet restricted)
rPois   .            (no amulet)
rElec   .            (no ring)
rCorr   .            (no ring)
SInv    .            (no ring)
Will    .....        (no ring)
Stlth   ++++         (no ring)
HPRegen 0.26/turn    (no ring)
MPRegen 0.15/turn    (no ring)
                     (no ring)

%: no teleportation
@: no status effects
A: almost no armour, amphibious, 8 rings, camouflage 1, gelatinous body 1,
(nimble swimmer 1), tentacles
a: Renounce Religion


You were in the Dungeon.
You worshipped Sif Muna.
Sif Muna was noncommittal.
You visited 1 branch You collected 243 gold pieces.

Inventory:

Scrolls
 f - a scroll of blinking
Potions
 a - 3 potions of magic
 b - a potion of curing
 c - a potion of heal wounds


   Skills:
 + Level 5.8 Dodging
 - Level 5.0 Stealth
 * Level 7.4 Spellcasting
 * Level 7.1 Conjurations
 + Level 7.9 Fire Magic


You had 9 spell levels left.
You knew the following spells:

 Your Spells              Type           Power      Damage    Failure   Level
a - Foxfire               Conj/Fire      100%       2x1d9     1%          1
b - Scorch                Fire           78%        2d8       1%          2
c - Inner Flame           Hex/Fire       23%        N/A       5%          3
d - Flame Wave            Conj/Fire      37%        2d10      4%          4

Your spell library contained the following spells:

 Spells                   Type           Power      Damage    Failure   Level
 Volatile Blastmotes      Fire/Tloc      46%        2d13      5%          3


Dungeon Overview and Level Annotations

Branches:
Dungeon (1/1)

Altars:
Cheibriados
Dithmenos
Elyvilon
Fedhas
Gozag
Hepliaklqana
Kikubaaqudgha
Makhleb
Nemelex Xobeh
Okawaru
Qazlal
Ru
Sif Muna
Trog
Uskayaw
Vehumet
Wu Jian
Xom
Yredelemnul
Zin
The Shining One
Jiyva
Lugonu


Innate Abilities, Weirdness & Mutations

You cannot wear most types of armour.
You are amphibious.
You can wear up to eight rings at the same time.
Your skin changes colour to match your surroundings (Stealth+).
Your rubbery body absorbs attacks. (AC +1, EV +1)
((You are camouflaged when in or above water. (Stealth+)))
You have tentacles for arms and can constrict up to eight enemies at once.


Message History

Found a hazy altar of Hepliaklqana and a snail-covered altar of Cheibriados.
Your foxfire dissipates!
Found three altars.
Your foxfire dissipates! x2
Unknown command.
Found three altars.
Found three altars.
You enter the shallow water.
Found three altars.
Found three altars.
You open the door.
Found four items.
Found four altars.
There is an open door here.
Found seven items.
Found an opulent altar of Gozag and an iron altar of Okawaru.
Found an embroidered robe, 29 gold pieces and a dark potion.
Found 12 gold pieces and 2 stones.
Found a scroll labelled UMA VONKI TOLO and 13 gold pieces.
There is a shimmering blue altar of Sif Muna here.
You curl up in front of the altar of Sif Muna.
Sif Muna welcomes you!
Found 6 gold pieces.
There is a sacrificial altar of Ru here.
There is an open door here.
You enter the shallow water.
Found a scroll labelled ISTOJE POQE and a trident.
The crocodile hisses menacingly.
Found eleven items.
Found five items.
Found a mace, a sling, 16 gold pieces, 8 stones and a runed cloak.
A kraken comes into view.
You open the door.
The crocodile attacks as it pursues you!
The crocodile bites you. The crocodile drags you backwards!
Floosh!
The crocodile attacks as it pursues you!
The crocodile bites you! The crocodile drags you backwards!
Floosh!
The crocodile bites you! The crocodile drags you backwards!
The crocodile bites you!
You die...

# +.### °▓:[!??$$$▓▓ #
...# #▓$?)?))|[▓▓ ##
#^.# #▓|)$$?$!(▓▓ §#
+^.# #▓![$$$$!$▓▓ .#
#..# #▓:![?$($)▓▓
.####..####▓?$![[$?)▓▓
...###...##▓▓▓▓▓▓▓+▓▓▓▓+
.....~~~~~~~~~~~l~...≈≈≈
...§.~#'########@###.≈X
~~§§.~#.._._._.#~l~#
~§§~.~#._._._..#~~≈§#
§~~~~~#_._._._.#~~~§§#
§§≈§~§#._._._._#~§~§§§#
≈§≈≈§~#.._._._.#~~~§§§+
§###≈§#..._._._#~~§§§l#
#≈≈#...._._.#~~§§§
#≈≈#....._._#~§≈


You could see 2 crocodiles.

Vanquished Creatures
  Menkaure (D)
  A crocodile (D)
  4 necrophages (D)
6 creatures vanquished.

Vanquished Creatures (others)
  9 foxfires (D)
9 creatures vanquished.

Grand Total: 15 creatures vanquished

Notes
Turn   | Place    | Note
-------+----------+-------------------------------------------
     0 | D        | Conn the Octopode Fire Elementalist began the quest for the
                  | Orb.
     0 | D        | Reached XP level 1. HP: 11/11 MP: 3/3
     1 | D        | Noticed a necrophage
     1 | D        | Noticed a necrophage
     1 | D        | Noticed a necrophage
     1 | D        | Noticed a necrophage
     9 | D        | Killed a necrophage
    10 | D        | Reached XP level 2. HP: 17/17 MP: 1/6
    10 | D        | Reached XP level 3. HP: 21/21 MP: 1/8
    10 | D        | Reached XP level 4. HP: 27/27 MP: 1/9
    12 | D        | Killed a necrophage
    13 | D        | Reached skill level 5 in Stealth
    13 | D        | Reached XP level 5. HP: 31/31 MP: 1/12
    18 | D        | Reached skill level 5 in Spellcasting
    28 | D        | Reached skill level 5 in Conjurations
    28 | D        | Reached XP level 6. HP: 16/36 MP: 3/15
    41 | D        | Learned a level 2 spell: Scorch
    45 | D        | Learned a level 3 spell: Inner Flame
    50 | D        | Learned a level 4 spell: Flame Wave
    59 | D        | Noticed Menkaure
    62 | D        | Killed Menkaure
    63 | D        | Reached skill level 5 in Dodging
    75 | D        | Found a hazy altar of Hepliaklqana.
    75 | D        | Found a snail-covered altar of Cheibriados.
    76 | D        | Found a stormy altar of Qazlal.
    76 | D        | Found a viscous altar of Jiyva.
    76 | D        | Found a shadowy altar of Dithmenos.
    77 | D        | Found a sacrificial altar of Ru.
    77 | D        | Found an ancient bone altar of Kikubaaqudgha.
    77 | D        | Found a white marble altar of Elyvilon.
    78 | D        | Found an ornate altar of the Wu Jian Council.
    78 | D        | Found a shimmering blue altar of Sif Muna.
    78 | D        | Found a corrupted altar of Lugonu.
    79 | D        | Found a shimmering altar of Xom.
    79 | D        | Found a bloodstained altar of Trog.
    79 | D        | Found a burning altar of Makhleb.
    80 | D        | Found a glowing golden altar of the Shining One.
    80 | D        | Found a basalt altar of Yredelemnul.
    80 | D        | Found a hide-covered altar of Uskayaw.
    82 | D        | Found a glowing silver altar of Zin.
    82 | D        | Found a radiant altar of Vehumet.
    82 | D        | Found a blossoming altar of Fedhas.
    82 | D        | Found a sparkling altar of Nemelex Xobeh.
    83 | D        | Found an opulent altar of Gozag.
    83 | D        | Found an iron altar of Okawaru.
    87 | D        | Became a worshipper of Sif Muna the Loreminder
   100 | D        | Noticed a kraken
   103 | D        | Slain by a crocodile

Illustrated notes

Levels and vault maps discovered:
D:        the_violet_keep_of_menkaure [sprint2_stairs_cluster_1,
          sprint2_shoproom, sprint2_temple, sprint2_basic_supplies,
          sprint2_obstacle_7, sprint2_obstacle_4, sprint2_obstacle_5,
          sprint2_obstacle_3, sprint2_obstacle_6, sprint2_timed_cluster_1,
          sprint2_smallroom_cluster_1, sprint2_smallroom_final_cluster_1,
          sprint2_transparent_cluster_1, sprint2_second_timed_cluster_1,
          sprint2_sniper_area_1, sprint2_heavy_combat_area_1,
          sprint2_mutation_trap_area_1, sprint2_forest_area_1,
          sprint2_light_combat_area_1, sprint2_behind_water_1,
          sprint2_near_end_vault_1]

Skill      XL: |  1  2  3  4  5  6 |
---------------+-------------------+-----
Dodging        | 3 4 5 |  5.8
Stealth        | 4 5 |  5.0
Spellcasting   | 3 4 6 7 |  7.4
Fire Magic     | 6 7 |  7.9
Conjurations   | 3 5 7 |  7.1

Action                     |  1- 3 |  4- 6 || total
---------------------------+-------+-------++-------
  Melee: Unarmed           |     2 |    16 ||    18
         Tentacles         |     1 |     7 ||     8
         Constrict         |       |     3 ||     3
         Punch             |       |     1 ||     1
   Cast: Foxfire           |     2 |     4 ||     6
         Scorch            |       |     1 ||     1
    Use: Potion            |     2 |       ||     2
 Armour: Skin              |       |     8 ||     8
  Dodge: Dodged            |       |     8 ||     8

Table legend: (Time is in decaauts)
 A = Elapsed time spent in this place.
 B = Non-inter-level travel time spent in this place.
 C = Inter-level travel time spent in this place.
 D = Time resting spent in this place.
 E = Time spent auto-exploring this place.
 F = Levels seen in this place.
 G = Mean time per level.
                   A        B        C        D        E       F      G
               +--------+--------+--------+--------+--------+-----+--------+
         Total |     99 |     99 |      0 |      0 |      0 |   1 |   99.0 |
       Dungeon |     99 |     99 |      0 |      0 |      0 |   1 |   99.0 |
               +--------+--------+--------+--------+--------+-----+--------+

Top non-repeatable levels by time:
       D: 99 daAuts
